 Dungeon Crawl Stone Soup version 0.30-a0-1074-g5db6f66fbb (webtiles) character file.

Game seed: 13353706655030185451

945 mandarbmax the Zephyrmancer (level 8, -7/41 HPs)
             Began as a Tengu Air Elementalist on Apr 13, 2023.
             Mangled by a gnoll
             ... wielding a +0 halberd
              (10 damage)
             ... on level 5 of the Dungeon.
             The game lasted 00:14:21 (4939 turns).

mandarbmax the Zephyrmancer (TeAE)                  Turns: 4939, Time: 00:14:22

Health: -7/41      AC:  6    Str: 14    XL:     8   Next: 13%
Magic:  9/16       EV:  8    Int: 22    God:
Gold:   147        SH:  0    Dex: 18    Spells: 6/16 levels left

rFire   + . .      SeeInvis .    n - +2 falchion of Armageddon {protect, Dex+4}
rCold   . . .      Faith    .    i - +0 buckler
rNeg    . . .      Spirit   .    r - +0 leather armour of Reason {Drain Str+4 Int+5}
rPois   .          Reflect  .    (helmet restricted)
rElec   .          Rampage  .    (no cloak)
rCorr   .                        o - +2 pair of gloves
Will    +....                    (boots unavailable)
Stlth   ++                       (no amulet)
HPRegen 0.26/turn                g - ring of protection from fire
MPRegen 0.15/turn                l - ring of willpower

@: flying quickly and evasively, held, quick
A: beak, talons 3, nimble flight
a: no special abilities


You were on level 5 of the Dungeon.
You visited 1 branch of the dungeon, and saw 5 of its levels.

You collected 326 gold pieces.
You spent 179 gold pieces at shops.

Inventory:

Hand Weapons
 n - the +2 falchion of Armageddon (weapon) {protect, Dex+4}
   (You found it on level 3 of the Dungeon)

   Dex:       It affects your dexterity (+4).
Missiles
 k - 2 throwing nets
Armour
 i - a +0 buckler (worn)
 o - a +2 pair of gloves (worn)
 r - the +0 leather armour of Reason (worn) {Drain Str+4 Int+5}
   (You found it on level 4 of the Dungeon)

   Str:       It affects your strength (+4).
   Int:       It affects your intelligence (+5).
   Drain:     It drains your maximum health when unequipped.
Magical Staves
 h - a staff of death
Jewellery
 g - a ring of protection from fire (left hand)
 l - a ring of willpower (right hand)
Scrolls
 d - a scroll of butterflies
 j - a scroll of fear {unknown}
 q - a scroll of teleportation
 s - a scroll of enchant weapon {unknown}
 t - a scroll of magic mapping
Potions
 b - 2 potions of magic
 c - 6 potions of curing {unknown}
 e - a potion of brilliance
 m - a potion of flight
 p - 2 potions of might {unknown}


   Skills:
 + Level 4.1 Dodging
 - Level 2.0 Stealth
 + Level 1.0 Shields
 + Level 4.9 Spellcasting
 - Level 3.0 Conjurations
 * Level 9.2 Air Magic


You had 6 spell levels left.
You knew the following spells:

 Your Spells              Type           Power      Damage    Failure   Level
a - Shock                 Conj/Air       100%       1d9       1%          1
b - Static Discharge      Conj/Air       64%        2-5/arc   2%          2
c - Airstrike             Air            22%        2d(4-20)  4%          4
d - Swiftness             Air            45%        N/A       1%          3

Your spell library contained the following spells:

 Spells                   Type           Power      Damage    Failure   Level
 Momentum Strike          Conj/Tloc      24%        3d8       14%         2
 Summon Small Mammal      Summ           20%        N/A       19%         1
 Blink                    Tloc           10%        N/A       26%         2
 Lesser Beckoning         Tloc           10%        N/A       26%         2
 Sublimation of Blood     Necr           5%         N/A       26%         2
 Call Canine Familiar     Summ           5%         N/A       47%         3
 Gell's Gravitas          Tloc           5%         N/A       47%         3
 Portal Projectile        Hex/Tloc       10%        N/A       47%         3
 Summon Guardian Golem    Hex/Summ       5%         N/A       47%         3
 Teleport Other           Tloc           5%         N/A       47%         3
 Tukima's Dance           Hex            5%         N/A       47%         3
 Petrify                  Tmut/Erth      5%         N/A       87%         4
 Irradiate                Conj/Tmut      6%         3d13      95%         5
 Blade Hands              Tmut           2%         N/A       99%         5
 Summon Forest            Summ/Tloc      2%         N/A       99%         5
 Dispersal                Tloc           2%         N/A       100%        6
 Eringya's Noxious Bog    Tmut/Pois      2%         N/A       100%        6
 Summon Hydra             Summ           2%         N/A       100%        7


Dungeon Overview and Level Annotations

Branches:
Dungeon (5/15)
 Temple: D:4-7

Altars:
Cheibriados
Xom

Shops:
D:4 *


Innate Abilities, Weirdness & Mutations

You have a beak for a mouth.
You have claws for feet.
Your magical nature lets you fly swiftly and evasively.


Message History

Your Shields skill increases to level 1!
Unknown command.
An orc priest, 3 gnolls and 2 orcs come into view.
A gnoll is wielding a +0 whip of holy wrath.
Found 2 gold pieces.
The gnoll shouts! x2; The orc shouts! x2; You hear a shout!
An orc comes into view. It is wielding a +0 short sword.
An orc wizard comes into view. It is wielding a +0 dagger.
You block the gnoll's attack.
A gnoll sergeant comes into view. It is wielding a +0 heavy spear.
There is an open door here.
Things that are here:
a +0 club; a +0 club; a gnoll corpse Really read the scroll of torment?
As you read the scroll of torment, it crumbles to dust.
Your body is wracked with pain!
The gnoll convulses! x2; The orc convulses!
The gnoll convulses! x3; The orc convulses! x2; The orc priest convulses!
The orc wizard convulses!
The orc wizard shouts!
The gnoll sergeant convulses!
Unknown command.
Casting: Static Discharge (safe; 2% risk of failure)
Confirm with . or Enter, or press ? or * to list all spells.
The gnoll is struck by an arc of lightning.
You kill the gnoll!
You are struck by an arc of lightning.
You block the gnoll's attack.
The gnoll throws a throwing net.
The throwing net hits you.
You become entangled in the net!
Unknown command.
Unknown command.
You tear a large gash into the net.
The orc priest looks satisfied for a moment.
The gnoll hits you from afar with a +0 halberd!
* * * LOW HITPOINT WARNING * * *
The gnoll closely misses you.
Unknown command.
Okay, then.
You struggle against the net.
The gnoll hits you from afar with a +0 halberd!
You die...

#)#...........#....#....
#.'..)....)...'....'....
#)#...........#....#.....
#.#######################
#......#.+....g...
#......#(#....o...
#.###)##[#.ogo.o..
#.#....#$#ggggo...
#.#....###@######
#+#....'........#
###############


You could see a gnoll sergeant, an orc priest, an orc wizard, 5 gnolls and 3
orcs.

Vanquished Creatures
  A steam dragon (D:5)
  A black bear (D:5)
  An ogre (D:4)
  2 scorpions
  2 hounds
  3 iguanas (D:5)
  2 orc wizards
  17 gnolls
  4 adders
  2 worms
  3 dart slugs
  18 orcs
  6 bats
  7 endoplasms
  5 giant cockroaches
  8 goblins
  7 hobgoblins
  6 jackals
  12 kobolds
  A quokka (D:1)
  7 ball pythons
  4 frilled lizards
  5 rats
124 creatures vanquished.

Notes
Turn   | Place    | Note
-------+----------+-------------------------------------------
     0 | D:1      | mandarbmax the Tengu Air Elementalist began the quest for
                  | the Orb.
     0 | D:1      | Reached XP level 1. HP: 10/10 MP: 4/4
   268 | D:1      | Reached XP level 2. HP: 12/15 MP: 0/6
   994 | D:2      | Reached XP level 3. HP: 19/19 MP: 3/7
   997 | D:2      | Learned a level 2 spell: Static Discharge
  1601 | D:2      | Reached XP level 4. HP: 22/24 MP: 3/9
  1836 | D:2      | Found a shimmering altar of Xom.
  2059 | D:3      | Identified the +4 short sword of Sicivoys {antimagic, rElec
                  | Str+3 Int-2 SInv}
  2194 | D:3      | Reached skill level 5 in Air Magic
  2290 | D:3      | Identified the +2 falchion of Armageddon {protect, Dex+4}
  2366 | D:3      | Learned a level 4 spell: Airstrike
  2372 | D:3      | Gained mutation: Your magical nature lets you fly swiftly
                  | and evasively. [Tengu growth]
  2372 | D:3      | Reached XP level 5. HP: 28/28 MP: 2/11
  3299 | D:4      | Reached skill level 6 in Air Magic
  3404 | D:4      | Noticed an ogre
  3410 | D:4      | Killed an ogre
  3411 | D:4      | Reached XP level 6. HP: 22/32 MP: 5/12
  3417 | D:4      | Identified the +0 leather armour of Reason {Drain Str+4
                  | Int+5}
  3474 | D:4      | Found a snail-covered altar of Cheibriados.
  3613 | D:4      | Found Gaigot's Assorted Antiques.
  3621 | D:4      | Bought 2 scrolls labelled ZOTUFROIBLICYL for 52 gold pieces
  3621 | D:4      | Bought a scroll labelled SOCAPN OGUU for 26 gold pieces
  3621 | D:4      | Bought a scroll labelled QUOTITT DOUDE for 26 gold pieces
  3621 | D:4      | Bought a scroll labelled ENUQIKH KUSCH for 26 gold pieces
  3621 | D:4      | Bought a scroll labelled WUEFY JAUDOO for 26 gold pieces
  3621 | D:4      | Bought a coppery potion for 23 gold pieces
  3743 | D:4      | Reached skill level 7 in Air Magic
  4088 | D:5      | Entered Level 5 of the Dungeon
  4160 | D:5      | Noticed a steam dragon
  4163 | D:5      | Killed a steam dragon
  4164 | D:5      | Reached skill level 8 in Air Magic
  4164 | D:5      | Reached XP level 7. HP: 36/36 MP: 4/14
  4541 | D:5      | Learned a level 3 spell: Swiftness
  4685 | D:5      | Reached XP level 8. HP: 32/41 MP: 1/16
  4689 | D:5      | Reached skill level 9 in Air Magic
  4935 | D:5      | Reached skill level 1 in Shields
  4938 | D:5      | HP: 2/41 [gnoll/+0 halberd (13)]
  4939 | D:5      | Mangled by a gnoll

Illustrated notes

Levels and vault maps discovered:
D:1:      amcnicky_arrival_double_pillar, layout_rooms
D:2:      layout_basic, basic_altar, minmay_pentomino_p4
D:3:      layout_loops_ring
D:4:      layout_loops_ring, cheibriados_altar_1, serial_shops,
          nicolae_square_shop
D:5:      lemuel_castle_with_subvaults [lemuel_castle_interior_carwin_1],
          layout_basic, lemuel_crystal_altar, grunt_tough_drop

Skill      XL: |  1  2  3  4  5  6  7  8 |
---------------+-------------------------+-----
Conjurations   | 2 3 |  3.0
Spellcasting   | 3 4 |  4.9
Air Magic      | 5 6 8 9 |  9.2
Dodging        | 3 4 |  4.1
Shields        | 1 |  1.0
Stealth        | |  2.0

Action                     |  1- 3 |  4- 6 |  7- 9 || total
---------------------------+-------+-------+-------++-------
  Melee: Dagger            |    19 |     1 |       ||    20
         Peck              |     3 |     2 |     2 ||     7
         Kick              |     2 |       |    11 ||    13
         Falchion          |       |     3 |    19 ||    22
   Cast: Shock             |    73 |   119 |    39 ||   231
         Static Discharge  |       |     9 |     9 ||    18
         Airstrike         |       |     2 |     5 ||     7
    Use: Scroll            |       |     6 |     4 ||    10
   Stab: Sleeping          |       |     1 |       ||     1
 Armour: Robe              |     2 |     1 |       ||     3
         Leather armour    |       |     1 |     5 ||     6
  Dodge: Dodged            |    27 |    12 |    23 ||    62
  Block: Buckler           |       |       |     6 ||     6

Table legend: (Time is in decaauts)
 A = Elapsed time spent in this place.
 B = Non-inter-level travel time spent in this place.
 C = Inter-level travel time spent in this place.
 D = Time resting spent in this place.
 E = Time spent auto-exploring this place.
 F = Levels seen in this place.
 G = Mean time per level.
                   A        B        C        D        E       F      G
               +--------+--------+--------+--------+--------+-----+--------+
         Total |   4831 |   4750 |     81 |     33 |   4085 |   5 |  966.2 |
       Dungeon |   4831 |   4750 |     81 |     33 |   4085 |   5 |  966.2 |
               +--------+--------+--------+--------+--------+-----+--------+

Top non-repeatable levels by time:
     D:2: 1125 daAuts
     D:4: 990 daAuts
     D:3: 979 daAuts
     D:1: 905 daAuts
     D:5: 830 daAuts
